 Dungeon Crawl Stone Soup version 0.27.1-34-g3ba077fa99 (webtiles) character file.

Game seed: 7520853130745227273

374 cbfl8 the Skirmisher (level 6, -9/51 (56) HPs)
             Began as a Minotaur Wanderer on Jan 19, 2022.
             Mangled by a wight (12 damage)
             ... on level 5 of the Dungeon.
             The game lasted 00:08:29 (4018 turns).

cbfl8 the Skirmisher (Minotaur Wanderer)            Turns: 4018, Time: 00:08:29

HP:   -9/51 (56)    AC:  8    Str: 15    XL:     6   Next: 43%
MP:   5/5           EV: 11    Int: 12    God:
Gold: 282           SH:  5    Dex: 10    Spells: 5/5 levels left

rFire    . . .     SeeInvis .   r - +2 dagger (speed)
rCold    + . .     Faith    .   (no shield)
rNeg     . . .     Spirit   .   d - +3 ring mail
rPois    .         Reflect  +   (helmet restricted)
rElec    .         Harm     .   (no cloak)
rCorr    .         Rampage  .   (no gloves)
Will     .....                  (no boots)
Stlth    +.........             k - amulet of reflection
HPRegen  0.17/turn              y - ring of protection from cold
MPRegen  0.09/turn              (no ring)

@: drained
A: horns 2, retaliatory headbutt
a: no special abilities


You were on level 5 of the Dungeon.
You visited 1 branch of the dungeon, and saw 5 of its levels.

You collected 282 gold pieces.

Inventory:

Hand Weapons
 a - a +3 spear
 e - a +0 falchion
 m - a +0 hand axe
 r - a +2 dagger of speed (weapon)
Missiles
 h - 5 curare-tipped darts (quivered)
 z - 2 silver javelins
Armour
 c - a +0 robe
 d - a +3 ring mail (worn)
 n - a +2 animal skin
Jewellery
 k - an amulet of reflection (around neck)
 l - an amulet of faith
 y - a ring of protection from cold (left hand)
Scrolls
 f - a scroll of enchant weapon
 j - a scroll of amnesia {unknown}
 o - a scroll of holy word {unknown}
 p - a scroll of magic mapping {unknown}
 q - 2 scrolls of teleportation
 s - a scroll of immolation {unknown}
 t - a scroll of fog {unknown}
 u - a scroll of identify
 v - a scroll of vulnerability {unknown}
 x - a scroll of noise {unknown}
Potions
 b - 2 potions of curing
 g - 2 potions of attraction {unknown}
 i - a potion of mutation {unknown}
 w - a potion of flight {unknown}


   Skills:
 + Level 5.3 Fighting
 + Level 1.9(2.1) Short Blades
 + Level 1.2(1.9) Long Blades
 + Level 4.0 Polearms
 + Level 1.0 Throwing
 + Level 3.3 Armour
 + Level 2.7 Dodging
 + Level 1.2 Stealth
 + Level 2.8 Shields


You had 5 spell levels left.
You didn't know any spells.
Your spell library was empty.

Dungeon Overview and Level Annotations

Branches:
Dungeon (5/15)
 Temple: D:4-7

Altars:
Ashenzari
Fedhas
Gozag

Shops:
D:4 *

Annotations:
D:4 1 runed translucent door, Crazy Yiuf


Innate Abilities, Weirdness & Mutations

You have a pair of horns on your head.
You reflexively headbutt those who attack you in melee.


Message History

z - 2 silver javelins
There is a stone staircase leading up here.
A wight comes into view. It is wielding a +0 great sword.
A scorpion zombie comes into view.
A wight comes into view. It is wielding a +0 halberd.
The wight hits you with a +0 great sword.
A wight comes into view. It is wielding a +0 mace.
You barely miss the wight. You hit the wight but do no damage.
Your headbutt misses the wight.
The wight hits you with a +0 great sword!
You feel drained.
You completely miss the wight.
The wight hits you with a +0 great sword!
You feel drained.
You closely miss the wight. You hit the wight but do no damage.
Your headbutt misses the wight. The wight barely misses you.
You closely miss the wight. Your headbutt misses the wight.
A wight comes into view. It is wielding a +0 falchion.
You hit the wight.
The wight is lightly damaged.
You block the wight's attack.
You closely miss the wight.
The wight hits you from afar with a +0 halberd!
You closely miss the wight.
The wight hits you with a +0 great sword.
You feel drained.
* * * LOW HITPOINT WARNING * * *
You hit the scorpion zombie.
The scorpion zombie is lightly damaged.
The wight closely misses you.
The wight hits you with a +0 great sword!
* * * LOW HITPOINT WARNING * * *
You block the wight's attack.
You hit the scorpion zombie but do no damage.
Your headbutt misses the scorpion zombie.
The scorpion zombie is lightly damaged.
The scorpion zombie hits you but does no damage.
The wight hits you from afar with a +0 halberd!
You die...

### # ..#.# ##.#.##
.>....# #..#..##
...#...# ...#.#.## ###
...#.#..###########....#
................@Zz.....
##.#.##..######zz.z.....
..<#.###.# #...#.....
##.#.# #.# ...## ....
...#.# #.# #.... ...
####.# #.. #..... ≈≈ ..#
##. #...... # ### .#
##.....≈


You could see 4 wights and a scorpion zombie.

Vanquished Creatures
  2 black bears (D:4)
  2 hounds
  Terence (D:2)
  Robin (D:2)
  2 adders
  2 dart slugs
  4 endoplasms
  2 giant cockroaches
  12 goblins
  13 hobgoblins
  3 jackals
  4 quokkas
  5 ball pythons
  9 bats
  3 frilled lizards (D:1)
  7 kobolds
  3 rats
75 creatures vanquished.

Vanquished Creatures (others)
  5 demonic plants (D:1)
  A fungus (D:1)
  A plant (D:1)
  5 withered plants (D:1)
12 creatures vanquished.

Grand Total: 87 creatures vanquished

Notes
Turn   | Place    | Note
-------+----------+-------------------------------------------
     0 | D:1      | cbfl8 the Minotaur Wanderer began the quest for the Orb.
     0 | D:1      | cbfl8 set off with the following items: a +2 spear, 2
                  | potions of curing, a +0 robe
     0 | D:1      | Reached XP level 1. HP: 19/19 MP: 0/0
    67 | D:1      | Found a faded altar of an unknown god.
   178 | D:1      | Reached skill level 4 in Fighting
   282 | D:1      | Reached XP level 2. HP: 17/27 MP: 1/1
   692 | D:1      | Reached XP level 3. HP: 14/34 MP: 2/2
  1069 | D:2      | Noticed Terence
  1330 | D:2      | Reached skill level 5 in Fighting
  1597 | D:2      | Noticed Robin
  1618 | D:2      | Reached skill level 1 in Armour
  1630 | D:2      | Reached XP level 4. HP: 14/42 MP: 3/3
  2040 | D:2      | Killed Terence
  2054 | D:2      | Killed Robin
  2264 | D:3      | Found an opulent altar of Gozag.
  2476 | D:3      | Reached XP level 5. HP: 46/48 MP: 4/4
  2690 | D:3      | Found a large runed translucent door.
  2691 | D:3      | Found a large runed translucent door.
  2707 | D:3      | Found a blossoming altar of Fedhas.
  2720 | D:3      | Found a broken altar of Ashenzari.
  3098 | D:4      | Noticed a black bear
  3115 | D:4      | Killed a black bear
  3116 | D:4      | Reached skill level 1 in Short Blades
  3179 | D:4      | Found Jagit's Lightly-Used Armoury.
  3383 | D:4      | Noticed a black bear
  3396 | D:4      | Killed a black bear
  3397 | D:4      | Reached XP level 6. HP: 51/56 MP: 5/5
  3475 | D:4      | Found a runed translucent door.
  3476 | D:4      | Noticed Crazy Yiuf
  3945 | D:5      | Entered Level 5 of the Dungeon
  4018 | D:5      | Mangled by a wight

Illustrated notes

Levels and vault maps discovered:
D:1:      dpeg_arrival_fog, layout_rooms, shapermc_ecumenical_altar_gd,
          chequers_serial_rivers_micro_c, hangedman_decor_slide_cut,
          chequers_hall_statues_y, minmay_pentomino_o4
D:2:      layout_rooms, chequers_serial_rivers_micro_b, uniq_robin, uniq_terence
D:3:      layout_loops_ring, nicolae_gozag_seed_capital, jmf_multi_god_temple2
D:4:      layout_loops_ring, grunt_decor_junction, minmay_shop_damaged,
          uniq_crazy_yiuf_cottage
D:5:      layout_basic, mainiacjoe_overflow_alcove_3,
          kennysheep_decorative_pillar, uniq_blork_the_orc, uniq_eustachio

Skill      XL: |  1  2  3  4  5 |
---------------+----------------+-----
Fighting       | 4 5 |  5.3
Polearms       | 3 4 |  4.0
Armour         | 1 2 3 |  3.3
Dodging        | 2 |  2.7
Short Blades   | 1 |  1.9
Shields        | 2 |  2.8
Long Blades    | |  1.2
Throwing       | |  1.0
Stealth        | |  1.2

Action                   |  1- 3 |  4- 6 || total
-------------------------+-------+-------++-------
Melee: Spear             |   112 |    15 ||   127
       Headbutt          |     8 |    16 ||    24
       Dagger            |       |   109 ||   109
  Use: Scroll            |     2 |     1 ||     3
Armor: Ring mail         |    95 |    46 ||   141
Dodge: Dodged            |   106 |    51 ||   157
Block: Other             |    20 |    34 ||    54
       Reflection        |       |     1 ||     1
